 Dungeon Crawl Stone Soup version 0.25.1-8-g42b30a86e7 (webtiles) character file.

Game seed: 15853155666288936454

81 Abzac the Sneak (level 4, -2/30 HPs)
             Began as a Vampire Enchanter on Dec 18, 2020.
             Slain by an orc
             ... wielding a +0 flail
              (8 damage)
             ... on level 3 of the Dungeon.
             The game lasted 00:08:38 (2441 turns).

Abzac the Sneak (Vampire Enchanter)                 Turns: 2441, Time: 00:08:38

Health: -2/30      AC:  3    Str:  8    XL:     4   Next: 20%
Magic:  7/7        EV: 12    Int: 17    God:
Gold:   131        SH:  0    Dex: 14    Spells: 3/7 levels left

rFire    . . .     SeeInvis +   a - +1 dagger
rCold    . . .     Gourm    .   (no shield)
rNeg     . . .     Faith    .   b - +0 robe
rPois    .         Spirit   .   (no helmet)
rElec    .         Reflect  .   (no cloak)
rCorr    .         Harm     .   (no gloves)
MR       .....                  c - +0 pair of boots {Stlth+}
Stlth    ++++......             (no amulet)
HPRegen  0.30/turn              (no ring)
MPRegen  0.10/turn              (no ring)

@: regenerating quickly
A: no food, fangs 3, see invisible, unbreathing
a: Exsanguinate


You were on level 3 of the Dungeon.
You were alive.

You visited 1 branch of the dungeon, and saw 3 of its levels.

You collected 131 gold pieces.

Inventory:

Hand Weapons
 a - a +1 dagger (weapon)
Armour
 b - a +0 robe (worn)
 c - a +0 pair of boots of stealth (worn)
Jewellery
 o - an uncursed ring of protection from cold {unknown}
Wands
 m - a wand of disintegration (15)
Scrolls
 e - 2 scrolls of remove curse {unknown}
 h - a scroll of amnesia {unknown}
 i - a scroll of blinking {unknown}
 j - 2 scrolls of magic mapping
 n - 2 scrolls of noise
 p - a scroll of fog {unknown}
Potions
 f - a potion of degeneration {unknown}
 g - a potion of cancellation {unknown}
 k - 2 potions of brilliance
 l - a potion of mutation {unknown}


   Skills:
 + Level 1.2 Short Blades
 - Level 2.1 Dodging
 * Level 6.0 Stealth
 - Level 2.4 Spellcasting
 * Level 5.8 Hexes


You had 3 spell levels left.
You knew the following spells:

 Your Spells              Type           Power        Failure   Level  Hunger
a - Corona                Hex            ###....      1%          1    N/A
b - Confusing Touch       Hex            ###.....     4%          3    N/A

Your spell library contained the following spells:

 Spells                   Type           Power        Failure   Level  Hunger
 Tukima's Dance           Hex            ###.....     4%          3    N/A
 Ensorcelled Hibernation  Hex/Ice        ##....       9%          2    N/A
 Dazzling Flash           Conj/Hex       ##....       17%         3    N/A

Dungeon Overview and Level Annotations

Branches:
Dungeon (3/15)

Altars:
Ru


Innate Abilities, Weirdness & Mutations

You do not eat.
Your natural rate of healing is unusually fast.
You have razor-sharp teeth.
You have supernaturally acute eyesight. (SInv)
You can survive without breathing.


Message History

The weapon returns to the orc!
The orc throws a boomerang.
The boomerang hits you.
The weapon returns to the orc!
The orc throws a boomerang.
The boomerang hits you.
The weapon returns to the orc!
The orc priest calls down the wrath of Beogh upon you.
Pain shoots through your body!
* * * LOW HITPOINT WARNING * * *
The orc hits you with a +0 flail.
* * * LOW HITPOINT WARNING * * *
The orc wizard shouts!
You hear a shout!
The orc wizard begins to cast a cantrip, but forgets the words!
The orc priest casts a cantrip, but nothing happens.
As you read the scroll of identify, it crumbles to dust.
n - 2 scrolls of noise The orc wizard mumbles some strange words.
The orc wizard seems to speed up.
The orc hits you with a +0 flail!
You die...

#. ###################
##.##...(..<.....<.....
.o...o.####.#.#########
..........o...o......#
# ....$....o..#######.#
# ..o.##oo.....o......#
# >...##.###########..#
# ##...##o# #..# #
..o.##@# #[.# #
###.>.##.# ######..###
#<....##.# #......%...
####..##.# #.#########
..##.# #.# #.##.# #.#
.##.# #.# .##.# #.# #
#.#


You could see an orc priest and 3 orcs.

Vanquished Creatures
  2 adders (D:2)
  An ooze (D:1)
  A worm (D:2)
  2 dart slugs (D:1)
  A leopard gecko (D:1)
  3 orcs (D:3)
  8 giant cockroaches
  5 goblins
  4 hobgoblins
  9 kobolds
  4 bats
  3 frilled lizards (D:2)
  2 rats
45 creatures vanquished.

Notes
Turn   | Place    | Note
-------+----------+-------------------------------------------
     0 | D:1      | Abzac the Vampire Enchanter began the quest for the Orb.
     0 | D:1      | Reached XP level 1. HP: 13/13 MP: 3/3
    83 | D:1      | Reached XP level 2. HP: 19/19 MP: 5/5
   197 | D:1      | Reached skill level 5 in Stealth
   265 | D:1      | Reached skill level 5 in Hexes
   558 | D:1      | Reached XP level 3. HP: 11/24 MP: 4/6
   825 | D:2      | Found a sacrificial altar of Ru.
  1192 | D:2      | Learned a level 3 spell: Confusing Touch
  1566 | D:2      | Reached XP level 4. HP: 28/30 MP: 5/7
  2320 | D:3      | Reached skill level 6 in Stealth
  2441 | D:3      | Slain by an orc

Illustrated notes

Levels and vault maps discovered:
D:1:      minmay_arrival_stair_chambers, layout_loops_ring,
          minmay_misc_feat_four_crosses
D:2:      layout_basic, first_ration, chequers_arboretum, st_stairs_11,
          grunt_ministairs_9, nicolae_ru_awakened_eye
D:3:      layout_basic, wander_ebering_terrifying_dragon_lair

Skill      XL: |  1  2  3  4 |
---------------+-------------+-----
Stealth        | 5 6 |  6.0
Hexes          | 5 |  5.8
Short Blades   | |  1.2
Dodging        | |  2.1
Spellcasting   | |  2.4

Action                   |  1- 3 |  4- 6 || total
-------------------------+-------+-------++-------
Melee: Dagger            |   145 |    41 ||   186
       Bite              |    15 |     2 ||    17
 Cast: Corona            |    15 |       ||    15
       Confusing Touch   |       |     4 ||     4
  Use: Scroll            |     3 |     1 ||     4
 Stab: Sleeping          |    15 |     3 ||    18
       Distracted        |     1 |     1 ||     2
       Confused          |       |     2 ||     2
Armor: Robe              |    34 |     7 ||    41
Dodge: Dodged            |    74 |    18 ||    92
